 Dungeon Crawl Stone Soup version 0.31-a0-233-g139696dc86 (webtiles) character file.

Game seed: 10537160700187630432

6770 qw the Skirmisher (level 10, -3/93 HPs)
             Began as a Minotaur Hexslinger on July 8, 2023.
             Slain by a yak (12 damage)
             ... on level 9 of the Dungeon.
             The game lasted 00:03:40 (8278 turns).

qw the Skirmisher (Minotaur Hexslinger)             Turns: 8278, Time: 00:03:41

Health: -3/93      AC:  9    Str: 13    XL:     10   Next: 76%
Magic:  10/10      EV: 14    Int: 10    God:
Gold:   276        SH:  0    Dex: 15    Spells: 10/11 levels left

rFire   . . .        j - +0 longbow
rCold   + . .        (shield currently unavailable)
rNeg    . . .        k - +3 leather armour {rC+}
rPois   +            (helmet restricted)
rElec   .            (no cloak)
rCorr   .            (no gloves)
SInv    +            a - +2 pair of boots
Will    .....        i - amulet of regeneration
Stlth   +            p - ring of see invisible
HPRegen 1.15/turn    m - ring of poison resistance
MPRegen 0.12/turn

%: no passive effects
@: about to teleport
A: horns 2, retaliatory headbutt, clumsy 1, mutation resistance 1, screaming 1
a: no special abilities


You were on level 9 of the Dungeon.
You visited 2 branches of the dungeon, and saw 11 of its levels.

You collected 548 gold pieces.
You spent 272 gold pieces at shops.


Innate Abilities, Weirdness & Mutations

You have a pair of horns on your head.
You reflexively headbutt those who attack you in melee.
You are clumsy. (Dex -2)
You are somewhat resistant to further mutation.
You occasionally shout uncontrollably at your foes.


   Skills:
 - Level 10.0 Fighting
 + Level 14.3 Ranged Weapons
 - Level 2.0 Armour
 - Level 6.0 Dodging
 - Level 1.0 Spellcasting
 - Level 2.0 Hexes


You had 10 spell levels left.
You knew the following spells:

 Your Spells              Type           Power      Damage    Failure   Level
a - Slow                  Hex            16%        N/A       19%         1

Your spell library contained the following spells:

 Spells                   Type           Power      Damage    Failure   Level
 Inner Flame              Hex/Fire       2%         N/A       65%         3
 Portal Projectile        Hex/Tloc       4%         N/A       65%         3
 Cause Fear               Hex            2%         N/A       88%         4

Inventory:

Hand Weapons
 j - a +0 longbow (weapon)
Armour
 a - a +2 pair of boots (worn)
 k - a +3 leather armour of cold resistance (worn)
Jewellery
 g - a +6 ring of strength
 i - an amulet of regeneration (around neck)
 m - a ring of poison resistance (right hand)
 p - a ring of see invisible (left hand)
Scrolls
 b - 8 scrolls of identify
 l - 3 scrolls of enchant armour
Potions
 c - 2 potions of haste
 e - 3 potions of curing
 f - a potion of mutation
 h - a potion of enlightenment
 n - 7 potions of might

Dungeon Overview and Level Annotations

Branches:
Dungeon (10/15)            Temple (1/1) D:7
   Lair: D:8-11         Orc: D:9-12

Altars:
Ashenzari
Dithmenos
Elyvilon
Fedhas
Hepliaklqana
Makhleb
Nemelex Xobeh
Qazlal
Sif Muna
Vehumet
Wu Jian
Yredelemnul

Shops:
D:7 (   D:8 *

Annotations:
D:2 1 runed translucent door, Crazy Yiuf
D:3 2 runed translucent doors
D:6 3 runed translucent doors, qw's ghost, novice MiHs


Message History

The yak barely misses you. You furiously retaliate!
You headbutt the yak! You shoot an arrow. The arrow hits the yak.
The yak is almost dead.
The yak gores you! x2; The yak gores you but does no damage.
You shoot an arrow. The arrow hits the yak.
The yak is almost dead.
The yak gores you! The yak closely misses you. You furiously retaliate!
You headbutt the yak! The yak misses you.
8272 ||| READING 2 scrolls of teleportation.
As you read the scroll of teleportation, it crumbles to dust.
You feel strangely unstable. The yak barely misses you. The yak gores you.
The yak barely misses you.
You shoot an arrow. The arrow hits the yak!
You kill the yak!
The yak misses you. The yak closely misses you.
You shoot an arrow. The arrow hits the yak.
The yak is moderately wounded.
The yak gores you. The yak gores you!
You shoot an arrow. The arrow hits the yak!
The yak is severely wounded.
The yak gores you. The yak gores you but does no damage.
You shoot an arrow. The arrow hits the yak.
The yak is severely wounded.
Your surroundings seem slightly different.
Enter note:
Enter note:
Enter note:
Enter note:
Enter note:
Enter note:
Enter note:
Enter note:
Enter note:
8277 ||| READING scroll of teleportation.
As you read the scroll of teleportation, it crumbles to dust.
You feel strangely unstable.
You shoot an arrow. The arrow barely misses the yak.
The arrow hits the yak!
You kill the yak!
The yak gores you!
You die...

######## #......# ######## ######
#......### #......# .....#
#####......'.###......#
.....###...'......#..........#
.........###......#####.....[#
.....##### #..<...# #./..(.#
#.#### #.ยค%Y@.# #......# #..#
#..(...# #......# ##.# ##'#####
###.#### #.## #)# #....### #..#
#.# ####...# ###.### #.# ###.#
......##### #)# #########'##
..........###.## #..........#
......###......#######..........#


You could see a yak.

Vanquished Creatures
  A kobold demonologist (D:9)
  A hornet (D:9)
  15 yaks (D:9)
  2 wyverns (D:8)
  Eustachio (D:5)
  A steam dragon (D:7)
  A water moccasin (D:5)
  An orc warrior (D:7)
  4 ice beasts
  A sky beast (D:8)
  A black bear (D:8)
  2 ogres
  A centaur (D:8)
  2 phantoms
  2 kobold brigands (D:9)
  2 bullfrogs
  5 scorpions
  5 wights (D:8)
  10 killer bees (D:8)
  3 howler monkeys (D:7)
  9 hounds
  4 jellies
  7 orc priests
  A gnoll bouda (D:5)
  3 iguanas
  Jessica (D:3)
  4 orc wizards
  Ijyb (D:5)
  A sleepcap (D:6)
  Robin (D:3)
  11 gnolls
  13 adders
  A shadow imp (D:5)
  3 white imps
  4 worms
  3 dart slugs
  27 orcs
  3 bats (D:2)
  2 endoplasms
  3 giant cockroaches
  9 hobgoblins
  4 jackals (D:2)
  2 quokkas
  7 ball pythons
  3 frilled lizards
  21 goblins
  17 kobolds
  10 rats
236 creatures vanquished.

Vanquished Creatures (others)
  A centaur (D:7)
1 creature vanquished.

Grand Total: 237 creatures vanquished

Notes
Turn   | Place    | Note
-------+----------+-------------------------------------------
     0 | D:1      | qw the Minotaur Hexslinger began the quest for the Orb.
     0 | D:1      | Reached XP level 1. HP: 16/16 MP: 1/1
     0 | D:1      | 0 ||| qw: Version: 0.3-a-46-gb1f654a
     0 | D:1      | 0 ||| qw: Game counter: 3669
     0 | D:1      | 0 ||| qw: Melee chars always use a shield: true
     0 | D:1      | 0 ||| qw: God list: Okawaru
     0 | D:1      | 0 ||| qw: Allow faded altars: false
     0 | D:1      | 0 ||| qw: Do Orc after clearing Dungeon:15 true
     0 | D:1      | 0 ||| qw: Do second Lair branch before Depths: true
     0 | D:1      | 0 ||| qw: Lair rune preference: random
     0 | D:1      | 0 ||| qw: Goals: Normal
     0 | D:1      | 0 ||| PLANNING D:1-11
   198 | D:1      | Reached skill level 3 in Ranged Weapons
   211 | D:1      | Reached XP level 2. HP: 23/23 MP: 2/2
   382 | D:1      | HP: 6/24 [poisoned by a kobold]
   505 | D:1      | 505 ||| FLEEEEING.
   506 | D:1      | 506 ||| FLEEEEING.
   507 | D:1      | 507 ||| FLEEEEING.
   654 | D:1      | 654 ||| UPGRADING to +0 leather armour.
   664 | D:1      | 664 ||| DROPPING +0 robe.
   665 | D:1      | 665 ||| UPGRADING to +0 ring mail.
   675 | D:1      | 675 ||| DROPPING +0 leather armour.
   676 | D:1      | 676 ||| READING scroll labelled DOLUUC EHODYL.
   677 | D:1      | 677 ||| READING scroll labelled HUFOENTOLAB.
   678 | D:1      | 678 ||| READING scroll labelled JAITZO EMPAAT.
   679 | D:1      | 679 ||| DROPPING scroll of poison.
   697 | D:2      | Found a runed translucent door.
   698 | D:2      | Noticed Crazy Yiuf
   878 | D:2      | Reached XP level 3. HP: 27/29 MP: 3/3
  1154 | D:2      | Reached skill level 4 in Ranged Weapons
  1419 | D:2      | Reached skill level 1 in Armour
  1584 | D:2      | Found a faded altar of an unknown god.
  1687 | D:2      | 1687 ||| UPGRADING to +6 ring of strength.
  1688 | D:2      | 1688 ||| READING scroll labelled NEIVEM QOILIA.
  1689 | D:2      | 1689 ||| READING scroll labelled IPEOGO RIELOXE.
  1690 | D:2      | 1690 ||| READING scroll labelled UZILA MIUNKIG.
  1723 | D:3      | 1723 ||| STAIRDANCE
  1836 | D:3      | 1836 ||| STAIRDANCE
  1845 | D:2      | Reached XP level 4. HP: 17/36 MP: 4/4
  2001 | D:3      | Noticed Robin
  2022 | D:3      | Killed Robin
  2128 | D:3      | Reached skill level 5 in Ranged Weapons
  2136 | D:3      | Reached XP level 5. HP: 33/41 MP: 5/5
  2194 | D:3      | Noticed Jessica
  2195 | D:3      | 2195 ||| Stepping ~*~*~tactically~*~*~ (outnumbered).
  2219 | D:3      | Killed Jessica
  2220 | D:3      | Reached skill level 3 in Fighting
  2472 | D:3      | 2472 ||| SWAPPING to +2 sling of freezing.
  2473 | D:3      | 2473 ||| DROPPING +1 sling.
  2668 | D:3      | Found a large runed translucent door.
  2669 | D:3      | Found a large runed translucent door.
  2772 | D:3      | 2772 ||| DROPPING amulet of magic regeneration.
  2773 | D:3      | 2773 ||| READING scroll labelled XAEREIM YWAZO.
  2773 | D:3      | Found a burning altar of Makhleb.
  2773 | D:3      | Found a shadowy altar of Dithmenos.
  2774 | D:3      | 2774 ||| READING scroll labelled TAIZIY ZIFO.
  2775 | D:3      | 2775 ||| DRINKING 4 inky potions.
  2776 | D:3      | 2776 ||| DRINKING 2 lumpy grey potions.
  2777 | D:3      | 2777 ||| READING 3 scrolls of identify.
  2777 | D:3      | 2777 ||| IDENTIFYING murky dark potion
  2778 | D:3      | 2778 ||| READING 2 scrolls of identify.
  2778 | D:3      | 2778 ||| IDENTIFYING orange potion
  2779 | D:3      | 2779 ||| DROPPING potion of berserk rage.
  2780 | D:3      | 2780 ||| DROPPING potion of magic.
  2834 | D:4      | Reached skill level 6 in Ranged Weapons
  2990 | D:4      | 2990 ||| Stepping ~*~*~tactically~*~*~ (outnumbered).
  2992 | D:4      | 2992 ||| Stepping ~*~*~tactically~*~*~ (outnumbered).
  3001 | D:4      | HP: 8/45 [gnoll/+0 spear (5)]
  3001 | D:4      | HP: 1/45 [gnoll/+0 flail (7)]
  3002 | D:4      | 3002 ||| DRINKING 3 potions of heal wounds.
  3006 | D:4      | 3006 ||| DRINKING 2 potions of heal wounds.
  3015 | D:4      | Reached XP level 6. HP: 28/52 MP: 6/6
  3712 | D:4      | 3712 ||| UPGRADING to +2 pair of boots.
  3717 | D:4      | 3717 ||| UPGRADING to amulet of regeneration.
  3722 | D:4      | 3722 ||| UPGRADING to ring of poison resistance.
  3723 | D:4      | 3723 ||| READING scroll labelled KOEBUECADO.
  3724 | D:4      | 3724 ||| READING scroll labelled JIOXTU NAULO.
  3725 | D:4      | 3725 ||| DRINKING 3 sapphire potions.
  3726 | D:4      | 3726 ||| DRINKING 2 emerald potions.
  3726 | D:4      | Gained mutation: You occasionally shout uncontrollably at
                  | your foes. [potion of mutation]
  3726 | D:4      | Gained mutation: You are clumsy. (Dex -2) [potion of
                  | mutation]
  3726 | D:4      | Gained mutation: You are somewhat resistant to further
                  | mutation. [potion of mutation]
  3727 | D:4      | 3727 ||| READING 3 scrolls of identify.
  3727 | D:4      | 3727 ||| IDENTIFYING blue potion
  3728 | D:4      | 3728 ||| READING 2 scrolls of identify.
  3728 | D:4      | 3728 ||| IDENTIFYING fuming green potion
  3729 | D:4      | 3729 ||| DROPPING potion of degeneration.
  3739 | D:5      | Entered Level 5 of the Dungeon
  3787 | D:5      | Reached skill level 7 in Ranged Weapons
  3789 | D:5      | 3789 ||| FLEEEEING.
  3792 | D:5      | 3792 ||| STAIRDANCE
  3843 | D:5      | Reached XP level 7. HP: 59/59 MP: 7/7
  3866 | D:5      | Reached skill level 8 in Ranged Weapons
  4234 | D:5      | Noticed Eustachio
  4257 | D:5      | Killed Eustachio
  4278 | D:5      | Reached XP level 8. HP: 55/69 MP: 8/8
  4334 | D:5      | Reached skill level 9 in Ranged Weapons
  4487 | D:5      | Reached skill level 6 in Fighting
  4492 | D:5      | Reached skill level 3 in Dodging
  4549 | D:5      | Noticed Ijyb
  4557 | D:5      | Killed Ijyb
  4776 | D:5      | 4776 ||| UPGRADING to +3 leather armour of cold resistance.
  4786 | D:5      | 4786 ||| DROPPING +0 ring mail.
  4787 | D:5      | 4787 ||| UPGRADING to ring of see invisible.
  4789 | D:5      | 4789 ||| READING 3 scrolls labelled YTAL PUP ZUPO.
  4793 | D:5      | 4793 ||| READING scroll labelled NAIQE MUPSAAX.
  4794 | D:5      | 4794 ||| READING 2 scrolls of identify.
  4794 | D:5      | 4794 ||| IDENTIFYING clear potion
  4795 | D:5      | 4795 ||| DROPPING potion of lignification.
  4831 | D:6      | 4831 ||| PLANNING OSSUARY
  4989 | D:6      | Found a runed translucent gate.
  5126 | D:6      | You fall into a shaft and drop 2 floors!
  5153 | D:8      | Reached skill level 10 in Ranged Weapons
  5233 | D:8      | 5233 ||| Stepping ~*~*~tactically~*~*~ (outnumbered).
  5242 | D:8      | Reached XP level 9. HP: 43/79 MP: 9/9
  5323 | D:8      | Reached skill level 11 in Ranged Weapons
  5375 | D:8      | 5375 ||| READING 2 scrolls of identify.
  5375 | D:8      | 5375 ||| IDENTIFYING fuming coppery potion
  5432 | D:7      | Reached skill level 12 in Ranged Weapons
  5433 | D:7      | 5433 ||| Stepping ~*~*~tactically~*~*~ (cloud).
  5513 | D:7      | 5513 ||| SWAPPING to +0 orcbow.
  5522 | D:7      | 5522 ||| DROPPING +3 heavy sling.
  5652 | D:7      | 5652 ||| DRINKING 3 potions of curing.
  5652 | D:7      | 5652 ||| (to cure confusion)
  5655 | D:7      | 5655 ||| DRINKING 2 potions of curing.
  5655 | D:7      | 5655 ||| (to cure confusion)
  5670 | D:7      | HP: 18/81 [orc priest/divine providence (12)]
  5671 | D:7      | 5671 ||| READING 4 scrolls of teleportation.
  5672 | D:7      | 5672 ||| DRINKING potion of heal wounds.
  5764 | D:7      | 5764 ||| READING scroll of enchant weapon.
  5764 | D:7      | 5764 ||| ENCHANTING +0 orcbow.
  5765 | D:7      | Found a staircase to the Ecumenical Temple.
  5766 | D:7      | 5766 ||| RIP OSSUARY
  5766 | D:7      | 5766 ||| PLANNING TEMPLE
  5773 | Temple   | Entered the Ecumenical Temple
  5930 | Temple   | 5930 ||| PLANNING D:1-11
  5965 | D:7      | Found a broken altar of Ashenzari.
  6015 | D:6      | 6015 ||| RIP OSSUARY
  6167 | D:6      | 6167 ||| Stepping ~*~*~tactically~*~*~ (outnumbered).
  6533 | D:6      | Found a runed translucent gate.
  6533 | D:6      | Found a runed translucent gate.
  6536 | D:6      | Noticed qw's ghost (novice MiHs)
  6536 | D:6      | Noticed a spectral unseen horror
  6809 | D:6      | 6809 ||| READING scroll labelled GER YLUUKYSS.
  7030 | D:7      | Found Abroogank's Weapon Shoppe.
  7037 | D:7      | 7037 ||| BUYING +0 longbow (104 gold).
  7037 | D:7      | Bought a +0 longbow for 104 gold pieces
  7037 | D:7      | 7037 ||| SWAPPING to +0 longbow.
  7038 | D:7      | 7038 ||| DROPPING +1 orcbow.
  7165 | D:8      | Reached skill level 13 in Ranged Weapons
  7173 | D:8      | Reached XP level 10. HP: 57/88 MP: 10/10
  7214 | D:8      | Found Zivul's Assorted Antiques.
  7223 | D:8      | 7223 ||| BUYING potion of curing (72 gold).
  7223 | D:8      | Bought a potion of curing for 72 gold pieces
  7223 | D:8      | 7223 ||| BUYING scroll of identify (48 gold).
  7223 | D:8      | Bought a scroll of identify for 48 gold pieces
  7223 | D:8      | 7223 ||| BUYING scroll of identify (48 gold).
  7223 | D:8      | Bought a scroll of identify for 48 gold pieces
  7223 | D:8      | 7223 ||| SHOPLISTING slimy scarf (240 gold, have 174).
  7387 | D:8      | 7387 ||| DROPPING +6 ring of intelligence.
  7410 | D:9      | 7410 ||| FLEEEEING.
  7411 | D:9      | 7411 ||| STAIRDANCE
  7426 | D:9      | 7426 ||| Stepping ~*~*~tactically~*~*~ (outnumbered).
  7611 | D:9      | Reached skill level 9 in Fighting
  7623 | D:9      | Found a white marble altar of Elyvilon.
  7710 | D:9      | 7710 ||| Stepping ~*~*~tactically~*~*~ (outnumbered).
  7872 | D:9      | HP: 18/91 [yak (13)]
  7873 | D:9      | 7873 ||| READING 3 scrolls of teleportation.
  8005 | D:9      | Reached skill level 14 in Ranged Weapons
  8016 | D:9      | Reached skill level 6 in Dodging
  8256 | D:10     | Entered Level 10 of the Dungeon
  8261 | D:10     | 8261 ||| STAIRDANCE
  8271 | D:9      | HP: 20/93 [yak (8)]
  8272 | D:9      | 8272 ||| READING 2 scrolls of teleportation.
  8275 | D:9      | HP: 6/93 [yak (6)]
  8277 | D:9      | 8277 ||| READING scroll of teleportation.
  8278 | D:9      | Slain by a yak

Levels and vault maps discovered:
D:1:      scummos_arrival_forest, layout_basic, serial_bayou_crossing
D:2:      cheibrodos_greedy_goblins, layout_basic,
          shapermc_ecumenical_altar_notcrosses, uniq_crazy_yiuf_cottage
D:3:      layout_rooms, jmf_multi_god_temple2, serial_bayou_pond_c,
          grunt_ministairs_10, kennysheep_cluttered_room, uniq_sigmund,
          uniq_robin, uniq_jessica
D:4:      layout_loops_corners, guppyfry_early_lair_pool
D:5:      layout_basic, kennysheep_small_spiral, st_stairs_4,
          minmay_fractal_squares_5, uniq_ijyb, uniq_eustachio
D:6:      cheibrodos_quashed, layout_layer_cave, nicolae_ossuary_entry_plus,
          gammafunk_ghost_necromancy, grunt_decor_junction
D:7:      layout_cave_pools, mainiacjoe_overflow_paths,
          minmay_temple_entry_junction, grunt_ministairs_1,
          nicolae_stop_n_shop_2, minivault_1, kennysheep_small_circle
D:8:      layout_cave_pools, serial_shops, shop
D:9:      layout_roguey, mainiacjoe_overflow_catwalk
D:10:     layout_loops_ring, kennysheep_vampire_church,
          nicolae_overflow_hallway_of_the_gods, erik_lair_island,
          enter_bailey_5, grunt_livestock, minmay_misc_feat_hallway
Temple:   nicolae_temple_bog_church

Skill      XL: |  1  2  3  4  5  6  7  8  9 10 |
---------------+-------------------------------+-----
Ranged Weapons | 3 4 5 6 7 8 10 13 14 | 14.3
Fighting       | 2 3 4 5 7 8 10 | 10.0
Armour         | 1 2 |  2.0
Dodging        | 3 5 6 |  6.0
Spellcasting   | |  1.0
Hexes          | |  2.0

Action                     |  1- 3 |  4- 6 |  7- 9 | 10-12 || total
---------------------------+-------+-------+-------+-------++-------
   Fire: Sling             |   151 |   194 |   256 |       ||   601
         Orcbow            |       |       |   132 |       ||   132
         Longbow           |       |       |    16 |   150 ||   166
    Use: Scroll            |     6 |     8 |     7 |     3 ||    24
         Potion            |       |     6 |     3 |       ||     9
 Armour: Ring mail         |    43 |    36 |    36 |       ||   115
         Robe              |     2 |       |       |       ||     2
         Leather armour    |       |       |    86 |    28 ||   114
  Dodge: Dodged            |    60 |    87 |   196 |    94 ||   437

Table legend:
 A = Non-vault XP
 B = Vault XP
 C = Vault XP percentage of total XP
 D = Non-vault monster count
 E = Vault monster count
 F = Vault count percentage of total count
                 A         B        C        D         E       F
            +---------+---------+-------+---------+---------+-------
      Total |    8869 |     999 |  10.1 |     199 |      38 |  16.0
            +---------+---------+-------+---------+---------+-------
        D:1 |      30 |       0 |   0.0 |      18 |       0 |   0.0
        D:2 |      53 |      14 |  20.9 |      20 |       8 |  28.6
        D:3 |     136 |      77 |  36.2 |      17 |      14 |  45.2
        D:4 |     113 |      39 |  25.7 |      19 |       3 |  13.6
        D:5 |     973 |     667 |  40.7 |      25 |      10 |  28.6
        D:6 |     316 |       0 |   0.0 |      13 |       0 |   0.0
        D:7 |    1401 |     202 |  12.6 |      28 |       3 |   9.7
        D:8 |    1902 |       0 |   0.0 |      26 |       0 |   0.0
        D:9 |    3945 |       0 |   0.0 |      33 |       0 |   0.0
            +---------+---------+-------+---------+---------+-------
